 Dungeon Crawl Stone Soup version 0.30.1 (webtiles) character file.

Game seed: 9128717005947508749

1033 Cheops the Cleaver (level 8, -6/64 HPs)
             Began as a Minotaur Fighter on July 6, 2023.
             Mangled by an ogre
             ... wielding a +0 giant club
              (25 damage)
             ... on level 5 of the Dungeon.
             The game lasted 00:07:01 (4154 turns).

Cheops the Cleaver (Minotaur Fighter)               Turns: 4154, Time: 00:07:01

Health: -6/64      AC: 12    Str: 22    XL:     8   Next: 3%
Magic:  7/7        EV:  6    Int:  5    God:
Gold:   278        SH:  4    Dex: 11    Spells: 7/7 levels left

rFire   . . .        a - +0 war axe
rCold   . . .        c - +0 buckler
rNeg    . . .        B - +0 plate armour
rPois   .            (helmet restricted)
rElec   .            (no cloak)
rCorr   .            (no gloves)
SInv    .            (no boots)
Will    +....        (no amulet) Stlth
                     v - ring of willpower
HPRegen 0.30/turn    (no ring)
MPRegen 0.10/turn

%: no passive effects
@: no status effects
A: horns 2, retaliatory headbutt
a: no special abilities


You were on level 5 of the Dungeon.
You visited 1 branch of the dungeon, and saw 5 of its levels.

You collected 278 gold pieces.

Inventory:

Hand Weapons
 a - a +0 war axe (weapon)
 D - a +1 flail of protection
Missiles
 o - 40 stones (quivered)
 r - 3 javelins
 C - 4 boomerangs
Armour
 c - a +0 buckler (worn)
 B - a +0 plate armour (worn)
 E - a +3 scale mail of cold resistance
Jewellery
 v - a ring of willpower (left hand)
Scrolls
 f - a scroll of immolation {unknown}
 g - a scroll of identify
 h - a scroll of amnesia {unknown}
 i - a scroll of vulnerability {unknown}
 k - a scroll of fear {unknown}
 n - a scroll of summoning {unknown}
 p - 2 scrolls of teleportation {unknown}
 q - a scroll of poison {unknown}
 t - 3 scrolls of fog {unknown}
 u - 2 scrolls of magic mapping
 w - 2 scrolls of enchant weapon {unknown}
 y - a scroll of blinking
Potions
 b - a potion of brilliance
 d - a potion of might
 e - 3 potions of heal wounds {unknown}
 j - 2 potions of ambrosia {unknown}
 l - 4 potions of curing {unknown}
 m - 2 potions of flight {unknown}
 s - 2 potions of mutation {unknown}
 x - 3 potions of attraction {unknown}
 z - a potion of haste


   Skills:
 - Level 3.6 Fighting
 + Level 11.0 Axes
 * Level 4.7 Armour
 - Level 3.6 Shields


You had 7 spell levels left.
You didn't know any spells.
Your spell library was empty.

Dungeon Overview and Level Annotations

Branches:
Dungeon (5/15)
 Temple: D:4-7

Altars:
Cheibriados

Shops:
D:1 :


Innate Abilities, Weirdness & Mutations

You have a pair of horns on your head.
You reflexively headbutt those who attack you in melee.


Message History

The ice beast hits you but does no damage.
You hit the ice beast.
The ice beast is almost dead.
The ice beast hits you but does no damage.
You hit the ice beast.
You kill the ice beast!
Your Axes skill increases to level 11!
You have reached level 8!
You feel agile.
No target in view!
An ogre comes into view. It is wielding a +0 giant club.
An ogre is nearby!
An ogre is nearby!
An ogre is nearby!
The ogre hits you with a +0 giant club!!
You are too injured to fight recklessly!
You are too injured to fight recklessly!
You are too injured to fight recklessly!
You are too injured to fight recklessly!
You are too injured to fight recklessly!
You are too injured to fight recklessly!
You are too injured to fight recklessly!
You are too injured to fight recklessly!
You are too injured to fight recklessly!
You are too injured to fight recklessly!
An ogre is nearby!
An ogre is nearby!
You barely miss the ogre. Your headbutt misses the ogre.
You hit the ogre but do no damage. Your headbutt misses the ogre.
The ogre hits you with a +0 giant club!
* * * LOW HITPOINT WARNING * * *
You slice the ogre!! Your headbutt misses the ogre.
The ogre is severely wounded.
The ogre hits you with a +0 giant club!
* * * LOW HITPOINT WARNING * * *
You hit the ogre but do no damage. Your headbutt misses the ogre.
The ogre is severely wounded.
You hit the ogre but do no damage. Your headbutt misses the ogre.
The ogre is severely wounded.
The ogre hits you with a +0 giant club!!
You die...

##.#.###.#....#.....####
#.........####..........
#.##.####.# ####.######
#.## #.# #.# #..# #.#
#.# ##.# #.# ##'## #
#.###.###.# ##...## #
#.........# ##.....## #
#####.#@### ##.......###
#...O# #.........##
#...... +.........'.
#.....####.......<.##
#.##.## ##>......## #.
### ##.....## #. ##...##
##+##


You could see an ogre.

Vanquished Creatures
  Grinder (D:5)
  Sigmund (D:4)
  Edmund (D:4)
  An ice beast (D:5)
  2 ogres
  A scorpion (D:4)
  A jelly (D:4)
  A sleepcap (D:4)
  Jessica (D:2)
  Natasha (D:2)
  5 adders
  2 worms
  A dart slug (D:1)
  9 orcs
  5 ball pythons
  2 bats
  5 endoplasms
  4 giant cockroaches
  6 hobgoblins
  2 jackals (D:2)
  A quokka (D:2)
  2 frilled lizards
  11 goblins
  7 kobolds
  A rat (D:2)
74 creatures vanquished.

Notes
Turn   | Place    | Note
-------+----------+-------------------------------------------
     0 | D:1      | Cheops the Minotaur Fighter began the quest for the Orb.
     0 | D:1      | Reached XP level 1. HP: 19/19 MP: 0/0
    39 | D:1      | Reached skill level 3 in Axes
   178 | D:1      | Found Daetigub's Vocational Training.
   207 | D:1      | Reached XP level 2. HP: 23/26 MP: 1/1
   660 | D:2      | Reached skill level 4 in Axes
   919 | D:2      | Reached XP level 3. HP: 27/31 MP: 2/2
   999 | D:2      | Noticed Jessica
  1006 | D:2      | Killed Jessica
  1007 | D:2      | Reached skill level 5 in Axes
  1233 | D:2      | Reached XP level 4. HP: 39/39 MP: 3/3
  1337 | D:2      | Noticed Natasha
  1342 | D:2      | Killed Natasha
  1973 | D:3      | Found a snail-covered altar of Cheibriados.
  2184 | D:3      | Reached skill level 6 in Axes
  2651 | D:4      | Reached XP level 5. HP: 45/45 MP: 4/4
  2872 | D:4      | Reached skill level 7 in Axes
  3029 | D:4      | Reached XP level 6. HP: 38/51 MP: 5/5
  3209 | D:4      | Reached skill level 8 in Axes
  3379 | D:4      | Noticed Edmund
  3407 | D:4      | Killed Edmund
  3408 | D:4      | Reached skill level 9 in Axes
  3571 | D:4      | Noticed Sigmund
  3577 | D:4      | Killed Sigmund
  3578 | D:4      | Reached XP level 7. HP: 57/57 MP: 6/6
  3771 | D:5      | Entered Level 5 of the Dungeon
  3860 | D:5      | Noticed Grinder
  3865 | D:5      | Killed Grinder
  3866 | D:5      | Reached skill level 10 in Axes
  4136 | D:5      | Reached skill level 11 in Axes
  4136 | D:5      | Reached XP level 8. HP: 64/64 MP: 7/7
  4154 | D:5      | Mangled by an ogre

Illustrated notes

Levels and vault maps discovered:
D:1:      minmay_arrival_checkered_box, layout_basic, minmay_misc_feat_rugged,
          dreamdust_princess_corridor, nrook_loot_triangle,
          nicolae_shop_vocational
D:2:      layout_loops_corners, uniq_jessica, uniq_natasha
D:3:      layout_loops_ring, old_standard_altar
D:4:      layout_loops_ring, sigmund_edmund_badplayer
D:5:      layout_loops_corners, kennysheep_generic_room_2, uniq_grinder

Skill      XL: |  1  2  3  4  5  6  7 |
---------------+----------------------+-----
Axes           | 3 4 5 6 7 9 11 | 11.0
Armour         | 4 |  4.7
Fighting       | |  3.6
Shields        | |  3.6

Action                     |  1- 3 |  4- 6 |  7- 9 || total
---------------------------+-------+-------+-------++-------
  Melee: War axe           |    49 |   100 |    25 ||   174
         Headbutt          |    10 |    19 |     4 ||    33
    Use: Scroll            |       |     6 |       ||     6
         Potion            |       |     1 |       ||     1
 Armour: Scale mail        |    16 |    12 |       ||    28
         Plate armour      |       |    27 |     7 ||    34
  Dodge: Dodged            |    23 |    27 |     2 ||    52
  Block: Buckler           |     7 |    32 |     1 ||    40
